 Dungeon Crawl Stone Soup version 0.23-b1-6-ga921848b48 (webtiles) character file.

Game seed: 7755723356251480334

102 Kohma the Ruffian (level 4, -1/41 HPs)
             Began as a Ghoul Monk on Feb 2, 2019.
             Was a Believer of Makhleb.
             Slain by Sigmund
             ... wielding a +0 scythe
              (8 damage)
             ... on level 3 of the Dungeon.
             The game lasted 00:05:46 (1901 turns).

Kohma the Ruffian (Ghoul Monk)                      Turns: 1901, Time: 00:05:46

Health: -1/41      AC:  2    Str: 15    XL:     4   Next: 78%
Magic:  3/3        EV: 12    Int:  5    God:    Makhleb [**....]
Gold:   69         SH:  0    Dex: 11    Spells: 3/3 levels left

rFire    . . .     SeeInvis .     - Unarmed
rCold    + . .     Gourm    .   (no shield)
rNeg     + + +     Faith    .   a - +0 robe
rPois    ∞         Spirit   .   (no helmet)
rElec    .         Reflect  .   (no cloak)
rCorr    .         Harm     .   (no gloves)
MR       .....                  (no boots)
Stlth    +.........             (no amulet)
HPRegen  0.00/turn              (no ring)
MPRegen  0.08/turn              (no ring)

@: confused, rotting
A: rotting body, claws 1, carnivore, cold resistance 1, negative energy
resistance 3, inhibited regeneration, torment resistance, unbreathing
a: Minor Destruction, Renounce Religion


You were on level 3 of the Dungeon.
You worshipped Makhleb.
Makhleb was pleased with you.
You were not hungry.

You visited 1 branch of the dungeon, and saw 3 of its levels.

You collected 69 gold pieces.

Inventory:

Missiles
 n - 2 steel javelins (quivered)
Armour
 a - a +0 robe (worn)
Scrolls
 c - 2 scrolls of immolation {unknown}
 e - 2 scrolls of remove curse {unknown}
 f - 4 scrolls of identify {unknown}
 g - a scroll of noise {unknown}
 h - a scroll of fog {unknown}
 i - a scroll of blinking {unknown}
 j - a scroll of teleportation {unknown}
 m - a scroll of fear {unknown}
Potions
 d - 2 potions of lignification {unknown}
 k - a potion of heal wounds
 l - a potion of agility {unknown}
 o - a potion of resistance {unknown}
 q - 2 potions of cancellation {unknown}
 r - a potion of might {unknown}
Comestibles
 b - 4 rations
 p - 4 chunks of flesh


   Skills:
 + Level 4.6 Fighting
 - Level 2.6 Dodging
 - Level 2.1 Stealth
 + Level 4.6 Unarmed Combat
 + Level 1.1 Invocations


You had 3 spell levels left.
You didn't know any spells.
Your spell library was empty.

Dungeon Overview and Level Annotations

Branches:
Dungeon (3/15)

Altars:
Kikubaaqudgha
Makhleb
Xom

Annotations:
D:3 Sigmund


Innate Abilities, Weirdness & Mutations

Your body is rotting away.
You thrive on raw meat.
You are immune to poison.
You have sharp fingernails.
You are carnivorous and can eat meat at any time.
Your flesh is cold resistant. (rC+)
You are immune to negative energy. (rN+++)
You do not regenerate when monsters are visible.
You are immune to unholy pain and torment.
You can survive without breathing.


Message History

You completely miss Sigmund.
Sigmund is heavily wounded.
Sigmund misses you.
You scratch Sigmund.
Sigmund is severely wounded.
You closely miss Sigmund.
Sigmund is severely wounded.
Sigmund drinks a potion.
Sigmund is healed!
You barely miss Sigmund. Sigmund gestures at you while chanting.
You are confused.
Sigmund closely misses you. Sigmund casts a spell at you.
You are more confused.
Sigmund completely misses you.
You closely miss Sigmund. Sigmund hits you with a +0 scythe!
* * * LOW HITPOINT WARNING * * *
You miss Sigmund. You scratch Sigmund but do no damage.
Sigmund hits you with a +0 scythe!
You die...

# # # # # ############# #
#......[..... #
######..@.>....... #
.........@........ #
######....(....... #
.........################
.............÷..........'
.........######.######.##
########.........# #.##
#.#####.#.# #.# #<. #. .#
#.#


You could see Sigmund.

Vanquished Creatures
  Natasha (D:3)
  3 adders (D:2)
  A worm (D:2)
  2 dart slugs (D:2)
  3 leopard geckos
  4 giant cockroaches
  2 goblins (D:1)
  6 hobgoblins
  A kobold (D:1)
  2 ball pythons (D:2)
  7 bats
  6 frilled lizards
  8 rats
46 creatures vanquished.

Notes
Turn   | Place    | Note
-------+----------+-------------------------------------------
     0 | D:1      | Kohma the Ghoul Monk began the quest for the Orb.
     0 | D:1      | Reached XP level 1. HP: 19/19 MP: 0/0
   224 | D:1      | Reached XP level 2. HP: 17/26 MP: 1/1
   951 | D:2      | Reached XP level 3. HP: 31/33 MP: 2/2
   994 | D:2      | Found an ancient bone altar of Kikubaaqudgha.
  1465 | D:2      | Reached XP level 4. HP: 37/40 MP: 3/3
  1520 | D:2      | Found a burning altar of Makhleb.
  1520 | D:2      | Found a shimmering altar of Xom.
  1528 | D:2      | Became a worshipper of Makhleb the Destroyer
  1528 | D:2      | Reached * piety under Makhleb
  1528 | D:2      | Reached ** piety under Makhleb
  1708 | D:3      | Noticed Natasha
  1722 | D:3      | Killed Natasha
  1722 | D:3      | Reached skill level 1 in Invocations
  1872 | D:3      | Noticed Sigmund
  1901 | D:3      | Slain by Sigmund

Skill      XL: |  1  2  3  4 |
---------------+-------------+-----
Fighting       | 4 |  4.6
Unarmed Combat | 4 |  4.6
Invocations    | 1 |  1.1
Dodging        | |  2.6
Stealth        | |  2.1

Action                   |  1- 3 |  4- 6 || total
-------------------------+-------+-------++-------
Melee: Unarmed           |    99 |    50 ||   149
       Punch             |     2 |       ||     2
Throw: Throwing net      |       |     1 ||     1
 Stab: Sleeping          |     4 |     1 ||     5
  Eat: Chunk             |     4 |     4 ||     8
Armor: Robe              |    21 |     4 ||    25
Dodge: Dodged            |    81 |    25 ||   106
